[Event "Lune-dì-rapid!"]
[Site "Chess.com"]
[Date "2020.04.13"]
[Round "1"]
[White "pedrak"]
[Black "crippo"]
[Result "1-0"]
[WhiteElo "1586"]
[BlackElo "1468"]
[TimeControl "720+3"]
[EndTime "6:08:16 PDT"]
[Termination "pedrak ha vinto per scaccomatto"]

1. d4 d5 2. Nf3 Nf6 3. Bf4 e6 4. e3 c6 5. Bd3 Nbd7 6. O-O Ne4 7. Nbd2 f5 8. Ne5 Be7 9. f3 Nxd2 10. Qxd2 O-O 11. c3 Nxe5 12. Bxe5 Bd6 13. Bxd6 Qxd6 14. Rae1 Bd7 15. e4 fxe4 16. fxe4 Rxf1+ 17. Rxf1 Rf8 18. e5 Qe7 19. Rxf8+ Kxf8 20. Qf2+ Kg8 21. Qf3 Be8 22. Qg3 Qf7 23. Qh4 g6 24. Qd8 a6 25. Be2 Kg7 26. Bg4 h5 27. Qg5 hxg4 28. Qxg4 Qf5 29. Qd1 g5 30. h3 Bg6 31. Qb3 Qf7 32. a4 Bd3 33. Qb4 Be4 34. a5 Kh6 35. Qd6 Kh5 36. Qd8 Kh4 37.
b4 Kg3 38. Qxg5# 1-0

[Event "Lune-dì-rapid!"]
[Site "Chess.com"]
[Date "2020.04.13"]
[Round "1"]
[White "caramante"]
[Black "BAKR1980"]
[Result "0-1"]
[WhiteElo "1532"]
[BlackElo "1535"]
[TimeControl "720+3"]
[EndTime "6:09:05 PDT"]
[Termination "BAKR1980 ha vinto per abbandono"]

1. Nf3 d5 2. d4 Nc6 3. c3 Bg4 4. Nbd2 Qd7 5. h3 Bh5 6. g4 Bg6 7. Qb3 O-O-O 8. Bg2 e6 9. O-O h5 10. g5 f6 11. h4 fxg5 12. Nxg5 Be7 13. Ndf3 Nf6 14.
Bf4 Ne4 15. Rad1 Rdf8 16. Nxe4 dxe4 17. Ne5 Nxe5 18. Bxe5 Bxh4 19. Bh3 Bf5 20. Bg2 Bf6 21. Bxf6 gxf6 22. d5 Rfg8 23. dxe6 Qg7 0-1

[Event "Lune-dì-rapid!"]
[Site "Chess.com"]
[Date "2020.04.13"]
[Round "1"]
[White "sirmale49"]
[Black "sergiodone"]
[Result "1-0"]
[WhiteElo "1406"]
[BlackElo "1183"]
[TimeControl "720+3"]
[EndTime "6:16:40 PDT"]
[Termination "sirmale49 ha vinto per abbandono"]

1. f4 e5 2. d3 d6 3. Nf3 Nc6 4. e3 Bg4 5. g3 Nf6 6. Bg2 exf4 7. exf4 Be7 8. O-O Nd4 9. Be3 c5 10. c3 Nf5 11. Bd2 Qb6 12. b3 c4+ 13. d4 O-O-O 14. h3 Bxf3 15. Qxf3 h5 16. Re1 Rd7 17. Na3 d5 18.
bxc4 Bxa3 19. Rab1 Qc7 20. cxd5 Nxd5 21. Re5 Nfe7 22. Rb3 Bd6 23. Rxd5 Nxd5 24. Qxd5 h4 25. c4 hxg3 26. Qg5 f6 27. Qg4 g5 28. Rxb7 Rd8 29. Rxc7+ Kxc7 30. Ba5+ Kc8 31. Bxd8 Kxd8 32. fxg5 fxg5 33.
Qxg5+ Be7 34. Qa5+ Ke8 35. Bc6 1-0

[Event "Lune-dì-rapid!"]
[Site "Chess.com"]
[Date "2020.04.13"]
[Round "1"]
[White "Delsoldato03"]
[Black "SanSecondoPR"]
[Result "1-0"]
[WhiteElo "1169"]
[BlackElo "1237"]
[TimeControl "720+3"]
[EndTime "6:18:56 PDT"]
[Termination "Delsoldato03 ha vinto per abbandono"]

1. d4 d5 2. c4 e5 3. dxe5 d4 4. Nf3 Nc6 5. a3 Bg4 6. e3 Nge7 7. exd4 Nxd4 8. Be2 Bxf3 9. Bxf3 Nxf3+ 10. Qxf3 Ng6 11.
O-O Rb8 12. Re1 Be7 13. e6 O-O 14. exf7+ Rxf7 15. Qb3 Bc5 16. Be3 Qe7 17. Qc3 Bxe3 18. Qxe3 Qf6 19. Nc3 Rbf8 20. f3 b6 21. b4 c6 22. Ne4 Qe5 23. c5 Kh8 24. cxb6 axb6 25. Qxb6 Qb2 26. Qf2 Qb3 27. Qe3 Qc4 28. Qc3 Qa6 29.
Ng5 Rf5 30. Ne6 R8f7 31. Rad1 Rd5 32. Nc5 Qa7 33. Re8+ Nf8 34. Rde1 Qd7 35. Nxd7 Rdxd7 36. Qxc6 g6 37. a4 Rc7 38. Rxf8+ Kg7 39. Rxf7+ Rxf7 1-0

[Event "Lune-dì-rapid!"]
[Site "Chess.com"]
[Date "2020.04.13"]
[Round "2"]
[White "crippo"]
[Black "SanSecondoPR"]
[Result "1-0"]
[WhiteElo "1507"]
[BlackElo "1211"]
[TimeControl "720+3"]
[EndTime "6:28:34 PDT"]
[Termination "crippo ha vinto per abbandono"]

1. e4 e5 2. Nf3 Nc6 3. Bc4 Nf6 4. d3 Bc5 5. Bg5 O-O 6. Nc3 h6 7. Bh4 g5 8. Bg3 d6 9. Qd2 Ne7 10.
Nxg5 d5 11. exd5 Ng6 12. Nge4 Be7 13. Nxf6+ Bxf6 14. Qxh6 Bg5 15. Qh5 Qf6 16. O-O Bf5 17. d6 cxd6 18. Nd5 Qd8 19. f4 exf4 20. Bxf4 Nxf4 21. Nxf4 Bg6 22. Qxg6+ Kh8 23. Qh5+ Kg7 24. Bxf7 Rxf7 25. Ne6+ 1-0

[Event "Lune-dì-rapid!"]
[Site "Chess.com"]
[Date "2020.04.13"]
[Round "2"]
[White "BAKR1980"]
[Black "ottovolante"]
[Result "1-0"]
[WhiteElo "1548"]
[BlackElo "991"]
[TimeControl "720+3"]
[EndTime "6:33:12 PDT"]
[Termination "BAKR1980 ha vinto per scaccomatto"]

1. e4 e5 2. Nf3 Nc6 3. Bc4 h6 4.
O-O Be7 5. c3 Nf6 6. d4 d6 7.
Re1 a6 8. a4 Bd7 9. b4 Be6 10.
d5 Bg4 11. dxc6 bxc6 12. Nbd2 O-O 13. Qb3 Qd7 14. Bb2 Rab8 15. Bxa6 c5 16. Bb5 c6 17. Be2 cxb4 18. cxb4 c5 19. b5 Be6 20. Bc4 Bd8 21.
a5 Ra8 22. b6 Re8 23. a6 Bxc4 24. Nxc4 Qc6 25. b7 Rb8 26. a7 Rxb7 27. Qxb7 Qxb7 28.
a8=Q Qb3 29. Nxd6 Qxb2 30. Nxe8 Ng4 31. Rf1 Qb6 32. h3 Nf6 33. Nxf6+ gxf6 34. Rfb1 Qd6 35.
Rb8 Kg7 36. Rxd8 Qb6 37. Rg8+ Kh7 38. Qf8 Qb1+ 39. Rxb1 h5 40. Qg7# 1-0

[Event "Lune-dì-rapid!"]
[Site "Chess.com"]
[Date "2020.04.13"]
[Round "2"]
[White "sirmale49"]
[Black "pedrak"]
[Result "0-1"]
[WhiteElo "1397"]
[BlackElo "1674"]
[TimeControl "720+3"]
[EndTime "6:34:23 PDT"]
[Termination "pedrak ha vinto per abbandono"]

1. f4 d5 2. Nf3 Bf5 3. g3 e6 4.
Bg2 h6 5. O-O Nf6 6. Nc3 c6 7.
b3 Be7 8. Bb2 O-O 9. d3 Nbd7 10. d4 Ne4 11. Ne5 Nxc3 12. Bxc3 Nf6 13. h3 Be4 14. Nf3 Qc7 15. Nd2 Bxg2 16. Kxg2 Rfe8 17. Re1 Ne4 18. Bb2 f5 19. a3 Kh7 20. e3 Rg8 21. c4 g5 22. Nxe4 fxe4 23. Rf1 Raf8 24. Qg4 gxf4 25. Qxe6 f3+ 26. Kh1 Rg6 27. Qe5 Bd6 28. Qh5 Rg5 29. Qh4 Bxg3 0-1

[Event "Lune-dì-rapid!"]
[Site "Chess.com"]
[Date "2020.04.13"]
[Round "2"]
[White "Delsoldato03"]
[Black "caramante"]
[Result "1/2-1/2"]
[WhiteElo "1204"]
[BlackElo "1479"]
[TimeControl "720+3"]
[EndTime "6:40:09 PDT"]
[Termination "Patta d'accordo"]

1. d4 Nf6 2. c4 g6 3. Nc3 Bg7 4. e4 d6 5. f3 O-O 6. Be3 c6 7. Bd3 Qc7 8. Nge2 Nbd7 9. O-O e5 10. Qd2 exd4 11. Nxd4 Ne5 12. Bh6 Nxd3 13. Bxg7 Kxg7 14.
Qxd3 Be6 15. b3 Rad8 16. Rad1 a6 17. Nde2 Bc8 18. Qe3 Rfe8 19. Na4 b5 20. cxb5 cxb5 21. Qb6 Qxb6+ 22. Nxb6 Bb7 23. Nc3 Nh5 24. Ncd5 f5 25. Rc1 Bxd5 26. Nxd5 fxe4 27. Rc7+ Kh6 28. fxe4 Rxe4 29.
Rff7 Rd4 30. Rxh7+ Kg5 31. Ne3 Re8 32. Rce7 Re4 33.
Rxe8 Rxe8 34. Nd5 Re1+ 35. Kf2 Rd1 36. Nc3 Rd2+ 37. Kf1 Rc2 38. Rc7 Kh6 39. a4 b4 40.
Nd5 Rb2 41. Nxb4 Rxb3 42. Nxa6 Nf4 43. g3 Nd3 44. Rd7 Rb6 45. Nc7 Ne5 46. Rd8 Ng4 47. Kg2 Rb2+ 48. Kg1 Nxh2 49. Rxd6 Nf3+ 50. Kf1 Ra2 51. Ra6 Nd2+ 52. Ke1 Ne4 53. Ne6 Nxg3 54.
Nf4 Ra1+ 55. Kd2 Ne4+ 56. Ke3 Re1+ 57. Kd4 Ng3 58. Rxg6+ Kh7 59. Rxg3 Ra1 60. Rh3+ Kg8 61. Rg3+ Kf7 62. Ke5 1/2-1/2

[Event "Lune-dì-rapid!"]
[Site "Chess.com"]
[Date "2020.04.13"]
[Round "3"]
[White "crippo"]
[Black "Delsoldato03"]
[Result "1-0"]
[WhiteElo "1532"]
[BlackElo "1188"]
[TimeControl "720+3"]
[EndTime "6:50:28 PDT"]
[Termination "crippo ha vinto per abbandono"]

1. e4 e5 2. Nf3 Nc6 3. Bc4 Bc5 4. d3 Nf6 5. Nc3 d6 6. Bg5 h6 7. Bh4 Be6 8. Bb3 Qd7 9. O-O O-O-O 10. Ba4 g5 11. Bg3 Qe8 12. a3 a6 13. b4 Ba7 14.
b5 axb5 15. Nxb5 Bb6 16. d4 Nxd4 17. Nfxd4 Bxd4 18. Na7+ Kb8 19. Bxe8 Bxa1 20. Qxa1 Rdxe8 21. Nb5 Bc4 22. Rb1 Nxe4 23. Qb2 Nc5 24. Qb4 Be2 25. Nxc7 Kxc7 26. Qb6+ Kd7 27. Re1 Ba6 28. Rd1 1-0

[Event "Lune-dì-rapid!"]
[Site "Chess.com"]
[Date "2020.04.13"]
[Round "3"]
[White "ottovolante"]
[Black "sirmale49"]
[Result "1/2-1/2"]
[WhiteElo "998"]
[BlackElo "1381"]
[TimeControl "720+3"]
[EndTime "6:50:57 PDT"]
[Termination "Patta d'accordo"]

1. e4 d5 2. e5 e6 3. d4 c5 4.
Nf3 Nc6 5. Bb5 Bd7 6. Bxc6 Bxc6 7. Nc3 Ne7 8. Bg5 h6 9. Bxe7 Bxe7 10. a4 c4 11. Qe2 Bd7 12. h3 Bb4 13. O-O a6 14.
Nd2 Qa5 15. Qe3 O-O 16. f4 f6 17. g4 f5 18. g5 h5 19. h4 g6 20. Rf3 Bxc3 21.
Qxc3 Qxc3 22. Rxc3 b5 23. a5 b4 24. Re3 Bb5 25. c3 b3 26. Nb1 Rab8 27. Na3 Bd7 28. Nb1 Bb5 29. Re1 Bd7 30. Nd2 1/2-1/2

[Event "Lune-dì-rapid!"]
[Site "Chess.com"]
[Date "2020.04.13"]
[Round "3"]
[White "SanSecondoPR"]
[Black "lucatarozzi"]
[Result "0-1"]
[WhiteElo "1169"]
[BlackElo "1303"]
[TimeControl "720+3"]
[EndTime "6:58:11 PDT"]
[Termination "lucatarozzi ha vinto per abbandono"]

1. e4 e5 2. d4 exd4 3. c3 dxc3 4. Bc4 Qe7 5. Nxc3 Nc6 6. Nf3 Nf6 7. O-O Qd8 8. e5 Ng8 9. Qb3 d5 10. Nxd5 Be6 11.
Bg5 Nge7 12. Rad1 Qc8 13. Nd4 Na5 14. Qb5+ c6 15. Qxa5 cxd5 16. Bb5+ Nc6 17. Nxc6 bxc6 18. Rc1 Bd7 19. Qc3 cxb5 20. Qd4 Qb7 21. e6 Bxe6 22.
f4 Qb6 23. Qxb6 axb6 24. f5 Bd7 25. Rfe1+ Be7 26. Rxe7+ Kf8 27. Rxd7 f6 28. Bf4 Ke8 29.
Rcc7 h6 30. Re7+ Kd8 31. a3 b4 32. Bd6 bxa3 33. bxa3 h5 34. Rxg7 h4 35. Rg6 b5 36.
Rxf6 b4 37. Rb7 bxa3 38. Bxa3 Kc8 39. Rb3 Re8 40. Re6 Rg8 41. Bb2 h3 42. g3 Rf8 43.
g4 Rg8 44. Rg6 Re8 45. Rc6+ Kd7 46. Rc1 Re2 47. Rb7+ Ke8 48. Bf6 Rg2+ 49. Kf1 Rxh2 50. Re1+ Kf8 51. Be5 Rh1+ 52. Kf2 Ra2+ 53. Re2 Rxe2+ 54.
Kxe2 h2 55. g5 Re1+ 56. Kxe1 h1=Q+ 57. Kd2 Qg2+ 58. Kc3 d4+ 59. Kxd4 Qxb7 60. f6 Kf7 61. Ke3 Qb3+ 62. Kf4 Qc4+ 63. Kf5 Qd3+ 64. Kf4 Qf1+ 65. Ke4 Kg6 66. Bf4 Qb1+ 67. Ke5 Qf5+ 68. Kd6 Qxf4+ 69.
Ke7 Qe5+ 70. Kf8 Kxg5 0-1

[Event "Lune-dì-rapid!"]
[Site "Chess.com"]
[Date "2020.04.13"]
[Round "3"]
[White "sergiodone"]
[Black "caramante"]
[Result "0-1"]
[WhiteElo "1172"]
[BlackElo "1501"]
[TimeControl "720+3"]
[EndTime "6:59:57 PDT"]
[Termination "caramante ha vinto per abbandono"]

1. e3 c5 2. e4 d6 3. h3 Nf6 4. d3 Bd7 5. f4 Nc6 6. Nf3 e6 7.
Nc3 a6 8. g3 Be7 9. Bg2 Qc7 10.
Qe2 O-O 11. O-O b5 12. e5 Nh5 13. Qf2 dxe5 14. Ne4 exf4 15. gxf4 Nxf4 16. Bxf4 Qxf4 17. Kh1 Ne5 18. Nxe5 Qxe5 19. c3 Rac8 20. Qf4 Qxf4 21. Rxf4 e5 22. Rf2 f6 23. Re2 Rfe8 24. Rae1 Be6 25. b3 Bf5 26. Rf1 Bg6 27. Re3 Red8 28. Nf2 a5 29. Be4 Bf7 30. Ree1 Kh8 31. Rd1 c4 32. bxc4 bxc4 33. Rb1 Bg6 34. Rb7 Bc5 35. Bxg6 hxg6 36. dxc4 Bxf2 37. Rxf2 Rd3 38. Kg2 Rxc3 39. Rb5 R8xc4 40. Rxa5 Rh4 41. Rf3 Rxf3 42. Kxf3 Rxh3+ 43. Kg2 Rd3 44. a4 Kh7 45. Rb5 e4 46. a5 f5 47.
Rb4 Ra3 48. Rb5 Kh6 49. Kf2 f4 50. Re5 e3+ 51. Kf3 g5 52. Kg4 g6 53. Rxg5 e2 54.
Re5 Re3 55. Kxf4 Rxe5 56. Kxe5 e1=Q+ 0-1

[Event "Lune-dì-rapid!"]
[Site "Chess.com"]
[Date "2020.04.13"]
[Round "3"]
[White "pedrak"]
[Black "BAKR1980"]
[Result "0-1"]
[WhiteElo "1537"]
[BlackElo "1669"]
[TimeControl "720+3"]
[EndTime "7:01:30 PDT"]
[Termination "BAKR1980 ha vinto per abbandono"]

1. d4 Nf6 2. Nf3 Nc6 3. c3 d5 4. h3 h6 5. Bf4 e6 6. e3 Bd6 7. Ne5 Qe7 8. Nd2 O-O 9. Bb5 Bd7 10.
Bd3 Bxe5 11. dxe5 Nh7 12. O-O f6 13. exf6 Nxf6 14. Bxc7 e5 15. Bb5 Bxh3 16. gxh3 Qxc7 17. f4 exf4 18. Rxf4 Ne4 19. Nxe4 Rxf4 20. exf4 dxe4 21. Qd5+ Kh8 22. Qxe4 Qb6+ 23. Kh2 Qxb5 24. b3 Rd8 25. Qe3 Qf5 26. Re1 Rf8 27. Kg3 Qg6+ 28. Kh2 Rd8 29.
Rg1 Qd3 30. Qxd3 Rxd3 31. c4 Nd4 32. Rg3 Rd2+ 33. Rg2 Rxg2+ 34. Kxg2 Ne2 35. Kf3 Nc1 36. Ke4 Nxa2 37. Kd5 Nc1 38. b4 Kg8 39. Kd6 Nd3 40. b5 Nxf4 41. Kc7 a5 42. bxa6 bxa6 43. Kb6 a5 44. Kxa5 Nd3 45. Kb6 h5 46. Kc6 g5 47.
Kd5 Kf7 48. Ke4 Nc5+ 49. Kf5 Ne6 50. c5 Ke7 51. c6 Kd6 52. c7 Kxc7 53. Ke4 Kd6 54. Kf3 Ke5 55. Kg3 Kf5 56. Kf3 Nd4+ 57. Kg3 Ne2+ 58. Kf3 Ng1+ 59. Kg3 Nxh3 60. Kxh3 Kf4 61.
Kg2 g4 62. Kh2 Kf3 63. Kg1 h4 64. Kh2 Kf2 65. Kh1 h3 66. Kh2 g3+ 0-1

[Event "Lune-dì-rapid!"]
[Site "Chess.com"]
[Date "2020.04.13"]
[Round "4"]
[White "sirmale49"]
[Black "Delsoldato03"]
[Result "0-1"]
[WhiteElo "1356"]
[BlackElo "1255"]
[TimeControl "720+3"]
[EndTime "7:11:16 PDT"]
[Termination "Delsoldato03 ha vinto per abbandono"]

1. f4 d5 2. Nf3 Nc6 3. g3 Nf6 4. Bg2 Bg4 5. e3 e5 6. h3 Bxf3 7. Bxf3 exf4 8. exf4 Qe7+ 9. Qe2 Qxe2+ 10. Kxe2 O-O-O 11. c3 Ne4 12. Bxe4 dxe4 13. Re1 Bc5 14. Na3 f5 15.
Nc4 Rd3 16. Ne3 g6 17. b4 Bb6 18. a4 a5 19. b5 Ne7 20. Bb2 Rhd8 21. Rad1 Nd5 22.
Nc4 Rxg3 23. Nxb6+ Nxb6 24. Kf2 Rxh3 25. Rh1 Rxh1 0-1

[Event "Lune-dì-rapid!"]
[Site "Chess.com"]
[Date "2020.04.13"]
[Round "4"]
[White "BAKR1980"]
[Black "crippo"]
[Result "0-1"]
[WhiteElo "1556"]
[BlackElo "1612"]
[TimeControl "720+3"]
[EndTime "7:11:33 PDT"]
[Termination "crippo ha vinto per abbandono"]

1. e4 e5 2. Nf3 d6 3. Bc4 Be7 4. Nc3 Nf6 5. d3 O-O 6. Bg5 Bg4 7. h3 Bh5 8. g4 Bg6 9. Qd2 h6 10.
Be3 Nc6 11. g5 hxg5 12. Nxg5 Nd4 13. O-O-O c6 14. Rdg1 a5 15. Bxd4 exd4 16. Ne2 b5 17. Nf3 bxc4 18. dxc4 Nxe4 19. Qxd4 Bf6 20. Qe3 Re8 21.
Qf4 Qb6 22. c3 Nxf2 23. Qd2 Nxh1 24. Rxh1 Qf2 25. Nfd4 Bxd4 26. Nxd4 Qxd2+ 27. Kxd2 c5 28. Nb5 Rad8 29. h4 Bh5 30. Nc7 Re2+ 31. Kc1 Bg6 32.
Nd5 Rc2+ 33. Kd1 Rxb2 34. Re1 Rb1+ 35. Kd2 Rxe1 36. Kxe1 Bd3 37. Ne3 Re8 38. Kd2 Rxe3 39. Kxe3 Bxc4 40. Ke4 Bxa2 0-1

[Event "Lune-dì-rapid!"]
[Site "Chess.com"]
[Date "2020.04.13"]
[Round "4"]
[White "caramante"]
[Black "pedrak"]
[Result "0-1"]
[WhiteElo "1454"]
[BlackElo "1619"]
[TimeControl "720+3"]
[EndTime "7:13:30 PDT"]
[Termination "pedrak ha vinto per abbandono"]

1. Nf3 d5 2. d4 c6 3. g3 Bf5 4. Bg2 e6 5. c3 Nf6 6. Nbd2 Bd6 7. O-O O-O 8. h3 h6 9. Re1 Ne4 10. Nh4 Nd7 11. Nxf5 exf5 12. Nf3 Qe7 13. Nh4 Qf6 14.
Qd3 Rfe8 15. f4 g5 16. fxg5 hxg5 17. Nf3 Bxg3 18. Rf1 f4 19. Bd2 Nxd2 20. Nxd2 Re3 21. Qc2 Rxe2 22. Bf3 Re3 23. Bg4 Nf8 24. Nf3 Rae8 25.
Ne5 Ng6 26. Rf3 Nxe5 27. Rxe3 fxe3 28. Rf1 Bf2+ 29. Kh1 Nxg4 30. hxg4 Qf3+ 31. Kh2 Qg3+ 32. Kh1 Kg7 0-1

[Event "Lune-dì-rapid!"]
[Site "Chess.com"]
[Date "2020.04.13"]
[Round "4"]
[White "SanSecondoPR"]
[Black "sergiodone"]
[Result "0-1"]
[WhiteElo "1124"]
[BlackElo "1200"]
[TimeControl "720+3"]
[EndTime "7:13:37 PDT"]
[Termination "sergiodone ha vinto per abbandono"]

1. e4 c5 2. Bc4 e6 3. Nf3 d6 4.
Nc3 a6 5. a3 Be7 6. d4 cxd4 7.
Nxd4 Qc7 8. Ba2 b5 9. b4 Qxc3+ 10. Bd2 Qxd4 11. O-O Qb6 12. Qg4 Nf6 13. Qxg7 Rg8 14. Qh6 Nbd7 15. Be3 Qc7 16. c4 Ng4 17. Qxh7 Ndf6 18.
Qh3 Bb7 19. c5 Nxe4 20. cxd6 Nxd6 21. Rac1 Qb8 22. Bc5 Nf6 23. f3 Nc4 24. Bxe7 Kxe7 25. Qh4 Qa7+ 26. Kh1 Bd5 27. Bb1 Qe3 28. Be4 Qg5 29.
Qf2 Rad8 30. Qc5+ Ke8 31. Rg1 Bxe4 32. fxe4 Qxc5 33. bxc5 Nxe4 0-1

[Event "Lune-dì-rapid!"]
[Site "Chess.com"]
[Date "2020.04.13"]
[Round "4"]
[White "lucatarozzi"]
[Black "ottovolante"]
[Result "1/2-1/2"]
[WhiteElo "1282"]
[BlackElo "1003"]
[TimeControl "720+3"]
[EndTime "7:15:07 PDT"]
[Termination "Partita patta per stallo"]

1. d4 e6 2. Nf3 d5 3. Bf4 Nc6 4.
e3 Nf6 5. Bd3 Nb4 6. c3 Nxd3+ 7.
Qxd3 Bd7 8. Be5 Bc6 9. Nbd2 Bd6 10. Bxf6 Qxf6 11. O-O-O Ba4 12. b3 Bc6 13. b4 a6 14. a3 Ba4 15. Rdf1 h6 16. h4 c6 17. Ne5 Bxe5 18. dxe5 Qf5 19. Qxf5 exf5 20. f4 Bb5 21. Re1 Kf8 22. Nb3 Bc4 23. Nd4 g6 24. e6 Ke7 25.
exf7 Kxf7 26. Rhg1 Rhe8 27. g4 Kf6 28. g5+ hxg5 29.
hxg5+ Kg7 30. Nf3 Bd3 31. Ne5 Be4 32. Rg3 Rh8 33. Nd7 Rh2 34. Nc5 Rah8 35. Nxe4 dxe4 36. Rd1 Rf8 37. Rd7+ Rf7 38. Rxf7+ Kxf7 39. Rg1 Ke6 40. Rd1 Ke7 41. Rd4 Ra2 42. Kb1 Rxa3 43. Kb2 Ra4 44. Rd1 c5 45. Kb3 b5 46. bxc5 Rc4 47.
Rd6 Rxc5 48. Rxg6 a5 49. Ra6 a4+ 50. Kb4 Rc4+ 51. Kxb5 Rxc3 52. Rxa4 Rxe3 53. g6 Kf6 54.
Ra6+ Kg7 55. Kc5 Rg3 56. Kd5 e3 57. Ke5 e2 58. Ra1 Kxg6 59. Kd4 Rg2 60. Ke3 Rg4 61. Kf3 Kh5 62. Rh1+ Rh4 63. Re1 Rh3+ 64. Kg2 Kh4 65. Rxe2 Rg3+ 66. Kh2 Kg4 67. Rf2 Rf3 68. Rg2+ Kxf4 69.
Kg1 Rg3 70. Kf2 Rxg2+ 71. Kxg2 Kg4 72. Kf2 f4 73. Kg2 Kf5 74. Kf3 Kg5 75. Kg2 Kg4 76.
Kf2 f3 77. Kf1 Kf4 78. Kg1 Ke3 79. Kf1 f2 80. Kg2 Ke2 81. Kh2 f1=Q 82. Kg3 Qf3+ 83. Kh2 Qf4+ 84. Kg1 Qf2+ 85. Kh1 Qf3+ 86. Kg1 Qg3+ 87.
Kh1 Qe1+ 88. Kg2 Qf1+ 89. Kh2 Kf2 1/2-1/2